 Dungeon Crawl Stone Soup version 0.31-a0-188-g5e087ee2ca (webtiles) character file.

Game seed: 955096916967874614

64 qw the Shooter (level 3, -7/20 HPs)
             Began as a Deep Elf Hunter on June 23, 2023.
             Mangled by an ogre
             ... wielding a +0 giant club
              (21 damage)
             ... on level 3 of the Dungeon.
             The game lasted 00:00:34 (1276 turns).

qw the Shooter (Deep Elf Hunter)                    Turns: 1276, Time: 00:00:35

Health: -7/20      AC:  5    Str: 10    XL:     3   Next: 91%
Magic:  5/5        EV: 11    Int: 13    God:
Gold:   104        SH:  0    Dex: 18    Spells: 2/2 levels left

rFire   . . .        Y - +0 shortbow
rCold   . . .        (shield currently unavailable)
rNeg    . . .        h - +0 ring mail
rPois   .            (no helmet)
rElec   .            (no cloak)
rCorr   .            (no gloves)
SInv    .            (no boots)
Will    .....        (no amulet)
Stlth   +            (no ring)
HPRegen 0.23/turn    (no ring)
MPRegen 0.09/turn

%: no passive effects
@: no status effects
A: no striking features
a: no special abilities


You were on level 3 of the Dungeon.
You visited 1 branch of the dungeon, and saw 3 of its levels.

You collected 104 gold pieces.


   Skills:
 - Level 1.5 Fighting
 + Level 7.3 Ranged Weapons
 - Level 2.4 Dodging
 - Level 1.2 Stealth


You had 2 spell levels left.
You didn't know any spells.
Your spell library was empty.

Inventory:

Hand Weapons
 Y - a +0 shortbow (weapon)
Armour
 h - a +0 ring mail (worn)
Scrolls
 a - a scroll of blinking {unknown}
 d - a scroll of identify
Potions
 b - a potion of mutation
 e - a potion of resistance {unknown}
 f - a potion of curing
 g - a potion of heal wounds {unknown}

Dungeon Overview and Level Annotations

Branches:
Dungeon (3/15)

Altars:
Makhleb


Message History

Things that are here:
a +0 dagger; a goblin corpse You open the door.
There is an open door here.
Found a stone staircase leading down.
An adder comes into view.
You shoot an arrow. The arrow hits the adder.
The adder is heavily wounded.
You shoot an arrow. The arrow hits the adder.
The adder is almost dead.
You shoot an arrow.
The arrow hits the adder but does no damage.
The adder is almost dead.
You shoot an arrow. The arrow barely misses the adder.
The adder barely misses you.
You shoot an arrow. The arrow hits the adder.
You kill the adder!
You see here an adder corpse.
You open the door.
Found an escape hatch in the floor.
There is an open door here.
a - a scroll labelled INEXAMMUMEQ An ogre comes into view.
It is wielding a +0 giant club.
The ogre shouts!
You shoot an arrow. The arrow hits the ogre.
The ogre is lightly wounded.
You shoot an arrow. The arrow hits the ogre.
The ogre is moderately wounded.
You shoot an arrow. The arrow hits the ogre.
The ogre is heavily wounded.
The ogre closely misses you.
You shoot an arrow. The arrow barely misses the ogre.
You shoot an arrow. The arrow hits the ogre.
The ogre is heavily wounded.
The ogre hits you with a +0 giant club.
You shoot an arrow. The arrow hits the ogre!
The ogre is almost dead.
The ogre hits you with a +0 giant club!!
Ouch! That really hurt!
You die...

# #...# # #...# ###...#
## ......## .# .......#
.# .......###+## .#
.......#....#####.#
.......#.....>..#.#####.
.......'........@.......
...#.###....#...#O#####.
...#.# ######.###.#
...#.# #.# .# ...#. #.#
.# ..## #.# .# ... #.#
.# ..# .# ###


You could see an ogre.

Vanquished Creatures
  2 adders
  2 worms (D:2)
  2 ball pythons
  6 bats
  5 endoplasms
  2 giant cockroaches
  5 goblins
  2 hobgoblins (D:1)
  A quokka (D:1)
  4 frilled lizards
  5 kobolds
  3 rats
39 creatures vanquished.

Notes
Turn   | Place    | Note
-------+----------+-------------------------------------------
     0 | D:1      | qw the Deep Elf Hunter began the quest for the Orb.
     0 | D:1      | Reached XP level 1. HP: 12/12 MP: 3/3
     0 | D:1      | 0 ||| qw: Version: 0.3-a-9-g12657ce
     0 | D:1      | 0 ||| qw: Game counter: 4165
     0 | D:1      | 0 ||| qw: Always use a shield: true
     0 | D:1      | 0 ||| qw: God list: Okawaru
     0 | D:1      | 0 ||| qw: Allow faded altars: false
     0 | D:1      | 0 ||| qw: Do Orc after D:15 true
     0 | D:1      | 0 ||| qw: Do second Lair branch before Depths: true
     0 | D:1      | 0 ||| qw: Lair rune preference: random
     0 | D:1      | 0 ||| qw: Plans: Normal
     0 | D:1      | 0 ||| PLANNING D:1-11
   152 | D:1      | Reached skill level 6 in Ranged Weapons
   152 | D:1      | Reached XP level 2. HP: 16/16 MP: 4/4
   535 | D:1      | 535 ||| READING scroll labelled XEYKISSIEFA.
   536 | D:1      | 536 ||| READING scroll labelled RELUGOUGIH.
   537 | D:1      | 537 ||| READING scroll labelled PUATWE QAANN.
   538 | D:1      | 538 ||| READING scroll labelled ANILOXT LIGGIBB.
   539 | D:1      | 539 ||| READING scroll labelled ATUOPH LAXTIE.
   544 | D:1      | 544 ||| DROPPING scroll of butterflies.
   697 | D:2      | Reached XP level 3. HP: 20/20 MP: 5/5
   831 | D:2      | Reached skill level 7 in Ranged Weapons
   844 | D:2      | HP: 3/20 [worm (7)]
  1127 | D:2      | Found a burning altar of Makhleb.
  1181 | D:2      | 1181 ||| UPGRADING to +0 ring mail.
  1191 | D:2      | 1191 ||| DROPPING +0 leather armour.
  1192 | D:2      | 1192 ||| READING scroll labelled KARAIH PYZIO.
  1193 | D:2      | 1193 ||| DRINKING 2 brown potions.
  1194 | D:2      | 1194 ||| READING 2 scrolls of identify.
  1194 | D:2      | 1194 ||| IDENTIFYING green potion
  1270 | D:3      | Noticed an ogre
  1276 | D:3      | Mangled by an ogre

Levels and vault maps discovered:
D:1:      minmay_arrival_loop, layout_basic, minmay_splitting_lines
D:2:      layout_rooms, basic_altar, minmay_pentomino_w2
D:3:      layout_basic, serial_shops, shop

Skill      XL: |  1  2  3 |
---------------+----------+-----
Ranged Weapons | 6 7 |  7.3
Fighting       | |  1.5
Dodging        | |  2.4
Stealth        | |  1.2

Action                     || total
---------------------------++-------
   Fire: Shortbow          ||   126
    Use: Scroll            ||     7
         Potion            ||     1
 Armour: Leather armour    ||    14
  Dodge: Dodged            ||    35

Table legend:
 A = Non-vault XP
 B = Vault XP
 C = Vault XP percentage of total XP
 D = Non-vault monster count
 E = Vault monster count
 F = Vault count percentage of total count
                 A         B        C        D         E       F
            +---------+---------+-------+---------+---------+-------
      Total |      90 |       2 |   2.2 |      38 |       1 |   2.6
            +---------+---------+-------+---------+---------+-------
        D:1 |      35 |       0 |   0.0 |      21 |       0 |   0.0
        D:2 |      39 |       2 |   4.9 |      13 |       1 |   7.1
        D:3 |      16 |       0 |   0.0 |       4 |       0 |   0.0
            +---------+---------+-------+---------+---------+-------
